 Dungeon Crawl Stone Soup version 0.31.0-7-gf635a9b802 (webtiles) character file.

Game seed: 7532337002264924687

278 Arcadio the Sneak (level 6, -4/42 HPs)
             Began as an Octopode Brigand on Jan 23, 2024.
             Killed by nerve-wracking pain
             ... invoked by an orc priest
              (10 damage)
             ... on level 4 of the Dungeon.
             The game lasted 00:03:10 (2634 turns).

Arcadio the Sneak (Octopode Brigand)                Turns: 2634, Time: 00:03:10

Health: -4/42      AC:  1    Str: 11    XL:     6   Next: 26%
Magic:  6/6        EV: 14    Int: 13    God:
Gold:   99         SH:  0    Dex: 15    Spells: 5/5 levels left

rFire   . . .        p - +0 dagger (drain)
rCold   . . .        (no shield)
rNeg    . . .        (helmet restricted)
rPois   .            (no amulet)
rElec   .            (no ring)
rCorr   .            (no ring)
SInv    .            (no ring)
Will    .....        (no ring)
Stlth   ++++         (no ring)
HPRegen 0.27/turn    (no ring)
MPRegen 0.10/turn    (no ring)
                     (no ring)

%: no passive effects
@: no status effects
A: almost no armour, amphibious, 8 rings, camouflage 1, gelatinous body 1,
(nimble swimmer 1), tentacles
a: no special abilities


You were on level 4 of the Dungeon.
You visited 1 branch of the dungeon, and saw 4 of its levels.

You collected 99 gold pieces.

Inventory:

Hand Weapons
 a - a +2 dagger
 p - a +0 dagger of draining (weapon)
Missiles
 b - 18 poisoned darts (quivered)
 c - 3 curare-tipped darts
Scrolls
 e - a scroll of fog
 i - a scroll of amnesia {unknown}
 j - 2 scrolls of teleportation
 l - a scroll of vulnerability {unknown}
 n - a scroll of torment {unknown}
 o - a scroll of revelation {unknown}
 q - a scroll of fear {unknown}
Potions
 d - 2 potions of brilliance
 f - a potion of heal wounds {unknown}
 g - a potion of resistance {unknown}
 h - a potion of ambrosia {unknown}
 k - 2 potions of mutation
 m - a potion of might {unknown}


   Skills:
 + Level 3.5 Fighting
 + Level 3.6 Short Blades
 - Level 2.0 Throwing
 + Level 3.0 Dodging
 + Level 6.8 Stealth


You had 5 spell levels left.
You didn't know any spells.
Your spell library was empty.

Dungeon Overview and Level Annotations

Branches:
Dungeon (4/15)
 Temple: D:4-7

Altars:
Elyvilon
Gozag


Innate Abilities, Weirdness & Mutations

You cannot wear most types of armour.
You are amphibious.
You can wear up to eight rings at the same time.
Your skin changes colour to match your surroundings (Stealth+).
Your rubbery body absorbs attacks. (AC +1, EV +1)
((You are camouflaged when in or above water. (Stealth+)))
You have tentacles for arms and can constrict up to eight enemies at once.


Message History

You see here a +0 spear.
The orc wizard shouts!
The orc wizard barely misses you.
The orc priest shouts!
The orc shouts!
You see here a +0 spear.
You hit the orc wizard. You drain the orc wizard.
Your grab misses the orc wizard.
The orc wizard is moderately wounded.
You closely miss the orc wizard. Your grab misses the orc wizard.
Your squeeze misses the orc wizard.
The orc wizard is moderately wounded.
You closely miss the orc wizard. Your grab misses the orc wizard.
The orc wizard is moderately wounded.
The orc wizard points at you and mumbles some strange words.
The puff of flame hits you!
You barely miss the orc wizard. You grab the orc wizard.
You squeeze the orc wizard, but do no damage.
The orc wizard is moderately wounded.
You constrict the orc wizard.
The orc wizard hits you with a +0 dagger.
The orc priest invokes the aid of Beogh against you.
Beogh smites you!
You release your grip on the orc wizard.
You hit the orc wizard but do no damage.
You grab the orc wizard. You squeeze the orc wizard.
The orc wizard is severely wounded.
You constrict the orc wizard.
The orc wizard points at you and mumbles some strange words.
The puff of flame hits you!
* * * LOW HITPOINT WARNING * * *
You barely miss the orc wizard.
The orc wizard is severely wounded.
You constrict the orc wizard.
The orc wizard hits you with a +0 dagger.
* * * LOW HITPOINT WARNING * * *
You hit the orc wizard. You drain the orc wizard.
You kill the orc wizard!
The orc priest mumbles some strange prayers to Beogh against you.
Pain shoots through your body!
You die...

############.....
#####...)............
#.......##)####......
#.###...##.# #.#....
#.##....##<# #.##...
#.##...###[# #.####.
#......###)# #.####.
####.......# #......
#.@####### #####.#
#)## ##.# ##o## #...
##...## #...
##.....## #...
#.......#### #...
##.....##.. #...
##....##.# ####
##.#.##.#


You could see an orc priest.

Vanquished Creatures
  A black bear (D:4)
  A bombardier beetle (D:4)
  A gnoll bouda (D:4)
  An orc wizard (D:4)
  4 gnolls (D:4)
  3 adders
  3 dart slugs
  3 ball pythons
  3 bats
  4 endoplasms
  3 giant cockroaches
  5 goblins
  5 hobgoblins
  5 quokkas
  2 frilled lizards (D:1)
  6 kobolds
  6 rats
56 creatures vanquished.

Notes
Turn   | Place    | Note
-------+----------+-------------------------------------------
     0 | D:1      | Arcadio the Octopode Brigand began the quest for the Orb.
     0 | D:1      | Reached XP level 1. HP: 14/14 MP: 1/1
   272 | D:1      | Reached XP level 2. HP: 19/19 MP: 2/2
   825 | D:2      | Reached XP level 3. HP: 25/25 MP: 3/3
  1342 | D:3      | Reached XP level 4. HP: 30/30 MP: 4/4
  1489 | D:3      | Reached skill level 6 in Stealth
  1580 | D:3      | Found an opulent altar of Gozag.
  1665 | D:3      | Found a white marble altar of Elyvilon.
  2132 | D:4      | Noticed a black bear
  2134 | D:4      | Killed a black bear
  2135 | D:4      | Reached XP level 5. HP: 36/36 MP: 5/5
  2331 | D:4      | Reached XP level 6. HP: 14/42 MP: 6/6
  2634 | D:4      | Killed from afar by an orc priest

Illustrated notes

Levels and vault maps discovered:
D:1:      scummos_arrival_gate, layout_loops_ring, minivault_24
D:2:      layout_basic
D:3:      layout_basic, elyvilon_altar_1, lemuel_doored_altar
D:4:      layout_loops_cross, lemuel_mausoleum_altar_kikubaaqudgha,
          uniq_grinder, uniq_ijyb, uniq_crazy_yiuf_cottage

Skill      XL: |  1  2  3  4  5  6 |
---------------+-------------------+-----
Dodging        | 2 3 |  3.0
Stealth        | 6 |  6.8
Fighting       | 3 |  3.5
Short Blades   | 3 |  3.6
Throwing       | |  2.0

Action                     |  1- 3 |  4- 6 || total
---------------------------+-------+-------++-------
  Melee: Dagger            |    63 |    56 ||   119
         Constrict         |    11 |    16 ||    27
         Tentacles         |    11 |    23 ||    34
    Use: Scroll            |       |     4 ||     4
   Stab: Sleeping          |    12 |     4 ||    16
         Distracted        |     1 |       ||     1
 Armour: Skin              |    20 |    27 ||    47
  Dodge: Dodged            |    29 |    30 ||    59
